 Dungeon Crawl Stone Soup version 0.28.0 (webtiles) character file.

Game seed: 8214912787931786002

5 fragbeetle the Chopper (level 1, 17/18 HPs)
             Began as a Minotaur Gladiator on Feb 19, 2022.
             Was a Follower of Sif Muna.
             Quit the game on level 1 of the Dungeon.
             The game lasted 00:00:20 (151 turns).

fragbeetle the Chopper (Minotaur Gladiator)          Turns: 151, Time: 00:00:20

Health: 17/18      AC:  3    Str: 18    XL:     1   Next: 66%
Magic:  0/0        EV: 12    Int:  5    God:    Sif Muna [*.....]
Gold:   0          SH:  0    Dex: 11    Spells: 0/0 levels left

rFire   . . .      SeeInvis .   a - +0 war axe
rCold   . . .      Faith    .   (no shield)
rNeg    . . .      Spirit   .   b - +0 leather armour
rPois   .          Reflect  .   c - +0 hat
rElec   .          Harm     .   (no cloak)
rCorr   .          Rampage  .   (no gloves)
Will    .....                   (no boots)
Stlth   +.........              (no amulet)
HPRegen 0.06/turn               (no ring)
MPRegen 0.07/turn               (no ring)

@: no status effects
A: horns 2, retaliatory headbutt
a: Renounce Religion, Channel Magic


You were on level 1 of the Dungeon.
You worshipped Sif Muna.
Sif Muna was aware of your devotion.
You visited 1 branch of the dungeon, and saw 1 of its levels.

Inventory:

Hand Weapons
 a - a +0 war axe (weapon)
Missiles
 d - 3 throwing nets (quivered)
Armour
 b - a +0 leather armour (worn)
 c - a +0 hat (worn)


   Skills:
 - Level 2.4 Fighting
 * Level 4.1 Axes
 - Level 2.0 Throwing
 - Level 3.2 Dodging


You couldn't memorise any spells.
You didn't know any spells.
Your spell library was empty.

Dungeon Overview and Level Annotations

Branches:
Dungeon (1/15)

Altars:
Sif Muna


Innate Abilities, Weirdness & Mutations

You have a pair of horns on your head.
You reflexively headbutt those who attack you in melee.


Message History

You hit the kobold.
The kobold is severely wounded.
The kobold hits you with a +0 whip.
You slash the kobold!
You kill the kobold!
You hit the kobold.
You kill the kobold!
No target in view!
No target in view!
HP restored.
Things that are here:
a +0 whip; a kobold corpse You see here a +0 whip.
Found a faded altar of an unknown god.
A goblin comes into view. It is wielding a +0 dagger.
The goblin shouts!
You hear a shout!
You barely miss the goblin. Your headbutt misses the goblin.
The goblin closely misses you.
A ball python comes into view.
You closely miss the goblin. The goblin hits you with a +0 dagger.
A hobgoblin comes into view.
You slash the hobgoblin!
You kill the hobgoblin!
You barely miss the ball python. You hit the goblin.
You kill the goblin!
The ball python bites you but does no damage.
The ball python barely misses you.
Your Axes skill increases to level 4!
You hit the ball python.
You kill the ball python!
No target in view!
No target in view!
There is a faded altar of an unknown god here.
You cannot tell which god this altar belongs to.
Convert to them anyway?
Okay, then.
You cannot tell which god this altar belongs to.
Convert to them anyway?
Sif Muna accepts your prayer! Sif Muna welcomes you!
You can now call upon Sif Muna for magical energy.
Are you sure you want to abandon this character and quit the game? (Confirm with "yes".)

#.# #.# #.# #.# # #.#
#.###########.#######
#...................#
#..............^^...#
#..............^@...#
#..............^....#
#.##+###......#######
................
#######).....###
#⌠.....)####.#
##♣♣♣..### .#
.#####.# . .#...'.#


There were no monsters in sight!

Vanquished Creatures
  A goblin (D:1)
  A hobgoblin (D:1)
  2 kobolds (D:1)
  A ball python (D:1)
5 creatures vanquished.

Notes
Turn   | Place    | Note
-------+----------+-------------------------------------------
     0 | D:1      | fragbeetle the Minotaur Gladiator began the quest for the
                  | Orb.
     0 | D:1      | Reached XP level 1. HP: 18/18 MP: 0/0
   118 | D:1      | Found a faded altar of an unknown god.
   137 | D:1      | Reached skill level 4 in Axes
   150 | D:1      | Prayed at the altar of an unknown god.
   150 | D:1      | Became a worshipper of Sif Muna the Loreminder
   150 | D:1      | Reached * piety under Sif Muna
   151 | D:1      | Quit the game

Illustrated notes

Levels and vault maps discovered:
D:1:      sevenhm_arrival_forest_fort_small_3, layout_basic,
          ebering_ecumenical_altar_webs

Skill      XL: |  1 |
---------------+----+-----
Axes           | 4 |  4.1
Fighting       | |  2.4
Throwing       | |  2.0
Dodging        | |  3.2

Action                   || total
-------------------------++-------
Melee: War axe           ||     8
Armor: Leather armour    ||     1
Dodge: Dodged            ||     2
